 Dungeon Crawl Stone Soup version 0.30-a0-996-ga6910c8ee8 (webtiles) character file.

Game seed: 8011704349334185397

14 arthad the Chopper (level 2, 0/16 HPs)
             Began as a Vine Stalker Berserker on Apr 5, 2023.
             Was a Follower of Trog.
             Slain by a goblin
             ... wielding a +0 club
              (2 damage)
             ... on level 1 of the Dungeon.
             The game lasted 00:00:44 (115 turns).

arthad the Chopper (Vine Stalker Berserker)          Turns: 115, Time: 00:00:45

Health: 0/16       AC:  2    Str: 19    XL:     2   Next: 41%
Magic:  0/3        EV: 12    Int:  7    God:    Trog [*.....]
Gold:   12         SH:  0    Dex: 13    Spells: 1/1 levels left

rFire   . . .      SeeInvis .    a - +0 hand axe
rCold   . . .      Faith    .    (no shield)
rNeg    . . .      Spirit   +    b - +0 animal skin
rPois   .          Reflect  .    (no helmet)
rElec   .          Rampage  .    (no cloak)
rCorr   .                        (no gloves)
Will    .....                    (no boots)
Stlth   +                        (no amulet)
HPRegen 0.22/turn                (no ring)
MPRegen 0.08/turn                (no ring)

@: no status effects
A: fangs 2, magic shield, antimagic bite, no potion heal 2
a: Renounce Religion, Berserk


You were on level 1 of the Dungeon.
You worshipped Trog.
Trog was aware of your devotion.
You visited 1 branch of the dungeon, and saw 1 of its levels.

You collected 12 gold pieces.

Inventory:

Hand Weapons
 a - a +0 hand axe (weapon)
 c - a +0 sling
Armour
 b - a +0 animal skin (worn)
Scrolls
 d - a scroll of fear {unknown}


   Skills:
 + Level 2.8 Fighting
 * Level 2.9 Axes
 + Level 1.7 Armour
 + Level 1.7 Dodging
 + Level 0.5 Evocations


You had one spell level left.
You didn't know any spells.
Your spell library was empty.

Dungeon Overview and Level Annotations

Branches:
Dungeon (1/15)

Altars:


Innate Abilities, Weirdness & Mutations

You have extremely sharp teeth.
When hurt, damage is shared between your health and your magic reserves.
Your bite disrupts and absorbs the magic of your enemies.
Potions cannot restore your health.


Message History

No target in view!
No target in view!
No target in view!
No target in view!
Things that are here:
a +0 whip; 5 stones
Found a stone staircase leading down.
d - a scroll labelled QOFEUMATAO A kobold comes into view.
It is wielding a +4 dagger.
A kobold is nearby!
A hobgoblin and a goblin come into view.
The goblin shouts!
The hobgoblin shouts!
The kobold shouts!
The goblin hits you with a +0 club.
You hit the hobgoblin. You bite the hobgoblin.
You kill the hobgoblin!
Trog accepts your kill.
You closely miss the goblin. The goblin hits you but does no damage.
You closely miss the kobold. You closely miss the goblin.
The goblin hits you with a +0 club. The kobold hits you with a +4 dagger.
You are too injured to fight recklessly!
You are too injured to fight recklessly!
You are too injured to fight recklessly!
You are too injured to fight recklessly!
You are too injured to fight recklessly!
You are too injured to fight recklessly!
You are too injured to fight recklessly!
You are too injured to fight recklessly!
You are too injured to fight recklessly!
You are too injured to fight recklessly!
You are too injured to fight recklessly!
You are too injured to fight recklessly!
You hit the kobold but do no damage. You closely miss the goblin.
The goblin barely misses you. The kobold hits you with a +4 dagger.
* * * LOW HITPOINT WARNING * * *
You completely miss the kobold. Your bite misses the kobold.
You closely miss the goblin. The kobold hits you with a +4 dagger.
* * * LOW HITPOINT WARNING * * *
The goblin hits you with a +0 club.
You die...

#.####### ...# #.# #..#
#.# ###..### #.# .
#......# #.# ..##.#..#.#
##.## ..........#
##...## ......Kg.>#
#.....#####
.......@..#####.......).
.######............#####
#..#######.###
.######..# #.#
.........# ##+##
#######.## ##...## ##.#
##.....## ##..#
##.......## #
#####...####.........###


You could see a goblin and a kobold.

Vanquished Creatures
  A gnoll (D:1)
  A hobgoblin (D:1)
  A quokka (D:1)
  A kobold (D:1)
4 creatures vanquished.

Notes
Turn   | Place    | Note
-------+----------+-------------------------------------------
     0 | D:1      | arthad the Vine Stalker Berserker began the quest for the
                  | Orb.
     0 | D:1      | Reached XP level 1. HP: 11/11 MP: 2/2
    43 | D:1      | Reached XP level 2. HP: 16/16 MP: 3/3
   115 | D:1      | Slain by a goblin

Illustrated notes

Levels and vault maps discovered:
D:1:      ncdulo_halloftheorcs, layout_loops_corners, amcnicky_mini_pool_small

Action                     || total
---------------------------++-------
  Melee: Hand axe          ||     9
         Bite              ||     2
 Invoke: Berserk           ||     1
 Armour: Animal skin       ||     1
  Dodge: Dodged            ||     5

Table legend: (Time is in decaauts)
 A = Elapsed time spent in this place.
 B = Non-inter-level travel time spent in this place.
 C = Inter-level travel time spent in this place.
 D = Time resting spent in this place.
 E = Time spent auto-exploring this place.
 F = Levels seen in this place.
 G = Mean time per level.
                   A        B        C        D        E       F      G
               +--------+--------+--------+--------+--------+-----+--------+
         Total |    123 |    123 |      0 |      0 |     83 |   1 |  123.0 |
       Dungeon |    123 |    123 |      0 |      0 |     83 |   1 |  123.0 |
               +--------+--------+--------+--------+--------+-----+--------+

Top non-repeatable levels by time:
     D:1: 123 daAuts
